 Dungeon Crawl Stone Soup version 0.17.1-3-g152610e (webtiles) character file.

355 Jerry the Skirmisher (level 6, -3/43 HPs)
             Began as an Octopode Fighter on Mar 3, 2016.
             Slain by Grinder (10 damage)
             ... on level 3 of the Dungeon.
             The game lasted 00:13:33 (2795 turns).

Jerry the Skirmisher (Octopode Fighter)             Turns: 2795, Time: 00:13:33

Health: -3/43      AC:  1    Str: 16    XL:     6   Next: 63%
Magic:  6/6        EV: 11    Int: 10    God:
Gold:   126        SH:  9    Dex: 13    Spells: 0 memorised, 5 levels left

rFire  + . .     SeeInvis +     a - +1 long sword
rCold  x . .     Clarity  .     b - +0 shield
rNeg   . . .     SustAt   .     (helmet restricted)
rPois  .         Gourm    .     (no amulet)
rElec  .         Spirit   .     k - ring of see invisible
rCorr  .         Warding  .     m - ring of fire
rMut   .         Stasis   .     (no ring)
MR     .....                    (no ring)
Stlth  ++++......               (no ring)
                                (no ring)
                                (no ring)
                                (no ring)

@: very slightly contaminated, hasted, very quick, not resistant to hostile
enchantments, stealthy
A: almost no armour, amphibious, 8 rings, constrict 8, camouflage 1, gelatinous
body 1
a: no special abilities


You were on level 3 of the Dungeon.
You were not hungry.

You visited 1 branch of the dungeon, and saw 3 of its levels.

You collected 126 gold pieces.

Inventory:

Hand Weapons
 a - a +1 long sword (weapon)
Armour
 b - a +0 shield (worn)
Jewellery
 k - a ring of see invisible (left tentacle)
 m - a ring of fire (right tentacle)
Scrolls
 f - 2 scrolls of identify
 g - 2 scrolls of noise
 j - a scroll of amnesia
Potions
 e - 3 potions of curing
 i - a potion of haste
 l - a potion of beneficial mutation {unknown}
 o - a potion of agility
 p - a potion of brilliance {unknown}
 r - a potion of cancellation {unknown}
Comestibles
 c - 5 fruits
 d - 2 bread rations
 h - a slice of pizza
 n - a beef jerky


   Skills:
 + Level 4.2 Fighting
 + Level 3.5 Long Blades
 + Level 4.0 Dodging
 + Level 3.9 Stealth
 + Level 4.1 Shields


You had 5 spell levels left.
You didn't know any spells.

Dungeon Overview and Level Annotations

Branches:
Dungeon (3/15)

Altars:

Annotations:
D:3 Grinder


Innate Abilities, Weirdness & Mutations

You cannot wear most types of armour.
You are amphibious.
You can wear up to eight rings at the same time.
You can use your tentacles to constrict eight enemies at once.
Your skin changes colour to match your surroundings (Stealth).
Your rubbery body absorbs attacks (AC +1).


Message History

Grinder is moderately wounded.
You constrict Grinder, but do no damage.
You hit Grinder.
Grinder is heavily wounded.
You constrict Grinder. Grinder closely misses you.
You hit Grinder but do no damage.
Grinder is heavily wounded.
You constrict Grinder. Grinder hits you!
* * * LOW HITPOINT WARNING * * *
You writhe in agony. x2
You slash Grinder!
Grinder is severely wounded.
You constrict Grinder. Grinder gestures at you. Pain shoots through your body!
* * * LOW HITPOINT WARNING * * *
You hit Grinder.
Grinder is almost dead.
You constrict Grinder. Grinder hits you!
You die...

# #....# #. ########.#..##
##.##.#..........#
##...#.#..#.......## #.
.....#.#.........# #.
#..#...#.......#
.####.##...#..#.......#
.......%.#.#............
#####.##..@5#..........#
#.###.#.#.#..##....# #.#
#....#......... #.#
##....##...##. #.#
##.....##..... #.#
##.#.#...##..# #########.#
#..#...#...###
#.......#.####.####.......#
#.#####..........##########


You could see Grinder.

Vanquished Creatures
  Sigmund (D:2)
  A crimson imp (D:3)
  Ijyb (D:2)
  Natasha (thrice) (D:2)
  3 adders (D:2)
  4 worms (D:2)
  2 giant geckos
  An orc (D:3)
  8 bats
  5 goblins
  7 hobgoblins
  9 kobolds
  2 quokkas
  3 ball pythons
  3 giant cockroaches
  A giant newt (D:2)
  9 rats
63 creatures vanquished.

Notes
Turn   | Place    | Note
--------------------------------------------------------------
     0 | D:1      | Jerry the Octopode Fighter began the quest for the Orb.
     0 | D:1      | Reached XP level 1. HP: 16/16 MP: 1/1
   146 | D:1      | Reached XP level 2. HP: 17/21 MP: 2/2
   516 | D:1      | Reached skill level 1 in Stealth
   582 | D:1      | Reached XP level 3. HP: 16/26 MP: 3/3
  1007 | D:2      | Noticed Sigmund
  1034 | D:2      | Killed Sigmund
  1034 | D:2      | Reached XP level 4. HP: 12/33 MP: 0/4
  1034 | D:2      | Reached XP level 5. HP: 13/37 MP: 0/5
  1243 | D:2      | Noticed Natasha
  1375 | D:2      | Killed Natasha
  1419 | D:2      | Reached XP level 6. HP: 33/43 MP: 6/6
  1436 | D:2      | Reached skill level 4 in Fighting
  1817 | D:2      | Noticed Natasha
  1824 | D:2      | Killed Natasha
  1841 | D:2      | Noticed Natasha
  1850 | D:2      | Killed Natasha
  2391 | D:2      | Noticed Ijyb
  2400 | D:2      | Killed Ijyb
  2570 | D:3      | Noticed Grinder
  2786 | D:3      | Paralysed by Grinder for 3 turns
  2795 | D:3      | Slain by Grinder

Action                   |  1- 3 |  4- 6 || total
-------------------------+-------+-------++-------
Melee: Long sword        |    52 |    78 ||   130
  Use: Scroll            |     1 |     7 ||     8
       Potion            |     1 |     1 ||     2
 Stab: Sleeping          |     5 |     7 ||    12
  Eat: Chunk             |       |     6 ||     6
